 Dungeon Sprint DCSS version 0.13.2 (webtiles) character file.

1472 sanboga the Fighter (level 8, -1/74 HPs)
             Began as a Minotaur Fighter on Dec 10, 2017.
             Slain by a flying skull (9 damage)
             ... in the Dungeon (Sprint II: "The Violet Keep of Menkaure").
             The game lasted 00:01:23 (220 turns).

sanboga the Fighter (Minotaur Fighter)               Turns: 220, Time: 00:01:23

HP  -1/74        AC  9     Str 21      XL: 8   Next: 22%
MP   2/2         EV  8     Int  2 (7)  God:
Gold 263         SH 25     Dex 10      Spells:  0 memorised,  7 levels left

Res.Fire  : . . .   See Invis. : .   a - +0 trident
Res.Cold  : . . .   Warding    : .   b - +0 scale mail
Life Prot.: . . .   Conserve   : .   c - +0 shield
Res.Poison: .       Res.Corr.  : .   (helmet restricted)
Res.Elec. : .       Clarity    : .   (no cloak)
Sust.Abil.: . .     Spirit.Shd : .   (no gloves)
Res.Mut.  : .       Prev.Telep.: +   (no boots)
Res.Rott. : .       Flight     : .   (no amulet)
Saprovore : . . .                    (no ring)
                                     (no ring)

@: exhausted, hasted and slowed, slightly resistant to hostile enchantments,
extremely unstealthy
A: retaliatory headbutt, horns 2
a: no special abilities


You were in the Dungeon.
You were not hungry.

You visited 1 branch You collected 243 gold pieces.

Inventory:

Hand weapons
 a - a +0,+0 trident (weapon)
Armour
 b - a +0 scale mail (worn)
 c - a +0 shield (worn)
Comestibles
 d - a bread ration
Scrolls
 j - a scroll of blinking
Potions
 h - 2 potions of magic


   Skills:
 + Level 11.7 Fighting
 + Level 8.0 Polearms
 + Level 11.6 Armour
 + Level 5.0 Dodging
 + Level 11.6 Shields


You had 7 spell levels left.
You didn't know any spells.

Dungeon Overview and Level Annotations

Branches:
Dungeon (1/1)

Altars:


Innate Abilities, Weirdness & Mutations

You reflexively headbutt those who attack you in melee.
You have a pair of horns on your head.


Message History

Your Dodging skill increases to level 5!
You are no longer berserk.
You are exhausted.
You feel yourself slow down.
You miss the flying skull.
You headbutt the flying skull, but do no damage.
You block the flying skull's attack. The flying skull hits you.
* * * LOW HITPOINT WARNING * * *
The flying skull barely misses you. You furiously retaliate!
You headbutt the flying skull, but do no damage.
Drink which item? (? for menu, Esc to quit)
You feel better. You block the flying skull's attack.
You block the flying skull's attack. The flying skull hits you!
* * * LOW HITPOINT WARNING * * *
Drink which item? (? for menu, Esc to quit)
You feel yourself speed up. You block the flying skull's attack.
You block the flying skull's attack. The flying skull hits you!
You die... §§§ §§§§ §§§.. §#§''# §zzt #zz

#z#### #z@..#
###..## #+
#.##..#
##.###..#..#
+<<<'##%'..#
##.##%#.#....#
#+
##.##......≈≈
###≈≈.....≈#
§≈≈≈≈..≈#


You could see a baby alligator and 6 flying skulls.

Vanquished Creatures
  6 flying skulls (D)
  4 brain worms (D)
10 creatures vanquished.

Notes
Turn   | Place    | Note
--------------------------------------------------------------
     0 | D        | sanboga, the Minotaur Fighter, began the quest for the Orb.
     0 | D        | Reached XP level 1. HP: 19/19 MP: 0/0
     0 | D        | Noticed a brain worm
    11 | D        | Killed a brain worm
    11 | D        | Reached skill level 6 in Fighting
    11 | D        | Reached skill level 1 in Dodging
    11 | D        | Reached XP level 2. HP: 19/27 MP: 0/0
    11 | D        | Reached XP level 3. HP: 23/34 MP: 1/1
    11 | D        | Reached XP level 4. HP: 27/41 MP: 1/1
   115 | D        | Noticed a brain worm
   119 | D        | Killed a brain worm
   119 | D        | Reached skill level 7 in Fighting
   131 | D        | Noticed a brain worm
   131 | D        | Noticed a brain worm
   135 | D        | Killed a brain worm
   135 | D        | Reached skill level 8 in Fighting
   135 | D        | Reached XP level 5. HP: 42/49 MP: 1/1
   142 | D        | Killed a brain worm
   142 | D        | Reached skill level 5 in Polearms
   142 | D        | Reached skill level 9 in Armour
   142 | D        | Reached XP level 6. HP: 50/57 MP: 2/2
   184 | D        | Noticed a flying skull
   184 | D        | Noticed a flying skull
   184 | D        | Noticed a flying skull
   185 | D        | Noticed a flying skull
   189 | D        | Noticed a flying skull
   192 | D        | Noticed a flying skull
   192 | D        | Noticed a flying skull
   193 | D        | Noticed a flying skull
   195 | D        | Noticed a flying skull
   199 | D        | Noticed a flying skull
   199 | D        | Killed a flying skull
   199 | D        | Reached skill level 10 in Armour
   201 | D        | Noticed a flying skull
   201 | D        | Killed a flying skull
   201 | D        | Reached skill level 10 in Fighting
   201 | D        | Reached skill level 10 in Shields
   201 | D        | Reached XP level 7. HP: 51/66 MP: 2/2
   202 | D        | Noticed a flying skull
   205 | D        | Noticed a baby alligator
   205 | D        | Killed a flying skull
   205 | D        | Reached skill level 11 in Fighting
   209 | D        | Killed a flying skull
   214 | D        | Killed a flying skull
   214 | D        | Reached XP level 8. HP: 17/74 MP: 2/2
   217 | D        | Killed a flying skull
   217 | D        | Reached skill level 5 in Dodging
   220 | D        | Slain by a flying skull

Action                   |  1- 3 |  4- 6 |  7- 9 || total
-------------------------+-------+-------+-------++-------
Melee: Trident           |    10 |    28 |    17 ||    55
  Use: Potion            |       |     2 |     2 ||     4
